 Dungeon Crawl Stone Soup version 0.21.0-37-g46506fa (webtiles) character file.

1395 tidbits the Digger (level 8, 25/58 HPs)
             Began as a Gnoll Earth Elementalist on Jan 31, 2018.
             Quit the game on level 4 of the Dungeon.
             The game lasted 00:16:37 (1329 turns).

tidbits the Digger (Gnoll Earth Elementalist)       Turns: 1329, Time: 00:16:37

Health: 25/58      AC:  3    Str: 10    XL:     8   Next: 68%
Magic:  5/17       EV: 16    Int: 20    God:
Gold:   175        SH:  0    Dex: 16    Spells: 9/19 levels left

rFire    . . .     SeeInvis .   f - +0 dagger
rCold    . . .     Gourm    .   (no shield)
rNeg     . . .     Faith    .   c - +1 robe
rPois    .         Spirit   .   (no helmet)
rElec    .         Reflect  .   (no cloak)
rCorr    .         Harm     .   (no gloves)
MR       +....                  (no boots)
Stlth    +++.......             m - amulet of regeneration
HPRegen  0.59/turn              o - ring of protection from magic
MPRegen  0.15/turn              (no ring)

@: very slightly contaminated
A: distributed training, fangs 1, strong nose
a: no special abilities


You were on level 4 of the Dungeon.
You were not hungry.

You visited 2 branches of the dungeon, and saw 8 of its levels.

You collected 175 gold pieces.

Inventory:

Hand Weapons
 f - a +0 dagger (weapon)
 s - a +0 dagger of venom
   (You took it off an orc wizard on level 4 of the Dungeon)
Missiles
 b - 32 stones (quivered)
 k - 40 arrows
 q - 5 tomahawks
Armour
 c - a +1 robe (worn)
Jewellery
 g - an uncursed ring of ice
   (You found it on level 1 of the Dungeon)
 m - an amulet of regeneration (around neck)
   (You found it on level 4 of the Dungeon)
 o - a ring of protection from magic (left hand)
   (You found it on level 5 of the Dungeon)
 t - an uncursed ring of teleportation
   (You found it on level 6 of the Dungeon)
 u - an uncursed ring of fire
   (You found it on level 5 of the Dungeon)
Scrolls
 a - 2 scrolls of teleportation
 j - 3 scrolls of immolation
 l - a scroll of identify
 n - a scroll of amnesia
 r - 2 scrolls of remove curse
Potions
 d - a potion of heal wounds
 h - 4 potions of curing
 i - a potion of magic {unknown}
 p - a potion of mutation {unknown}
Books
 e - a book of Geomancy

   Spells                             Type                      Level
   a - Sandblast                      Earth                        1
   b - Passwall                       Transmutation/Earth          2
   c - Stone Arrow                    Conjuration/Earth            3
   d - Petrify                        Transmutation/Earth          4
   e - Lee's Rapid Deconstruction     Earth                        5


   Skills:
 + Level 3.4 Fighting
 + Level 3.4 Short Blades
 + Level 3.4 Long Blades
 + Level 3.4 Axes
 + Level 3.4 Maces & Flails
 + Level 3.4 Polearms
 + Level 3.4 Staves
 + Level 3.4 Slings
 + Level 3.4 Bows
 + Level 3.4 Crossbows
 + Level 3.4 Throwing
 + Level 3.4 Armour
 + Level 5.8 Dodging
 + Level 5.4 Stealth
 + Level 3.4 Shields
 + Level 3.4 Unarmed Combat
 + Level 6.1 Spellcasting
 + Level 2.8 Conjurations
 + Level 2.8 Hexes
 + Level 2.8 Charms
 + Level 2.8 Summonings
 + Level 2.8 Necromancy
 + Level 2.8 Translocations
 + Level 3.5 Transmutations
 + Level 2.8 Fire Magic
 + Level 2.8 Ice Magic
 + Level 2.8 Air Magic
 + Level 6.2 Earth Magic
 + Level 2.8 Poison Magic
 + Level 3.7 Invocations
 + Level 3.4 Evocations


You had 9 spell levels left.
You knew the following spells:

 Your Spells              Type           Power        Failure   Level  Hunger
a - Sandblast             Erth           ####..       1%          1    None
e - Petrify               Tmut/Erth      ####....     14%         4    ####...
j - Stone Arrow           Conj/Erth      ###...       4%          3    ##.....
p - Passwall              Tmut/Erth      ####......   1%          2    None


Dungeon Overview and Level Annotations

Branches:
Dungeon (7/15)             Temple (1/1) D:6

Altars:
Ashenzari
Dithmenos
Elyvilon
Fedhas
Gozag
Hepliaklqana
Makhleb
Nemelex Xobeh
Okawaru
Qazlal
Sif Muna
Uskayaw
Wu Jian
Xom
Yredelemnul
Zin
The Shining One

Shops:
D:6 (

Annotations:
D:5 tidbits's ghost, amateur GnEE


Innate Abilities, Weirdness & Mutations

Your experience applies equally to all skills.
You have very sharp teeth.
Your uncanny sense of smell can sniff out nearby items.


Message History

The orc wizard points at you and mumbles some strange words.
The magic dart hits you!
* * * LOW HITPOINT WARNING * * *
The orc throws a tomahawk.
The tomahawk hits you but does no damage.
The orc closely misses you. The orc wizard barely misses you.
Casting: Sandblast
Confirm with . or Enter, or press ? or * to list all spells.
Aiming: Sandblast
Press: ? - help, Shift-Dir - straight line, f - orc
Aim: an orc, wielding a whip The blast of sand hits the orc.
You kill the orc!
b - 38 stones The orc throws a tomahawk.
The tomahawk hits you.
* * * LOW HITPOINT WARNING * * *
The orc wizard completely misses you.
Casting: Sandblast
Confirm with . or Enter, or press ? or * to list all spells.
Aiming: Sandblast
Press: ? - help, Shift-Dir - straight line, f - orc wizard
Aim: an orc wizard, wielding a dagger and wearing a robe (fast)
The blast of sand hits the orc wizard.
You kill the orc wizard!
b - 37 stones The orc throws a tomahawk.
The tomahawk closely misses you.
Casting: Sandblast
Confirm with . or Enter, or press ? or * to list all spells.
Aiming: Sandblast
Press: ? - help, Shift-Dir - straight line, f - orc
Aim: an orc, wielding a hand axe The blast of sand hits the orc.
You kill the orc!
b - 36 stones
Casting: Sandblast
Confirm with . or Enter, or press ? or * to list all spells.
You can't see any susceptible monsters within range! (Use Z to cast anyway.)
Casting: Sandblast
Confirm with . or Enter, or press ? or * to list all spells.
You can't see any susceptible monsters within range! (Use Z to cast anyway.)
Casting: Sandblast
Confirm with . or Enter, or press ? or * to list all spells.
You can't see any susceptible monsters within range! (Use Z to cast anyway.)
Casting: Sandblast
Confirm with . or Enter, or press ? or * to list all spells.
You can't see any susceptible monsters within range! (Use Z to cast anyway.)
Casting: Sandblast
Confirm with . or Enter, or press ? or * to list all spells.
You can't see any susceptible monsters within range! (Use Z to cast anyway.) Unknown command.
You see here a scroll of identify.
Casting: Sandblast
Confirm with . or Enter, or press ? or * to list all spells.
Aiming: Sandblast
Press: ? - help, Shift-Dir - straight line, f - phantom
Aim: a phantom The blast of sand hits the phantom.
The phantom is lightly damaged.
b - 35 stones
Casting: Sandblast
Confirm with . or Enter, or press ? or * to list all spells.
Aiming: Sandblast
Press: ? - help, Shift-Dir - straight line, f/p - phantom
Aim: a phantom (lightly damaged)
The blast of sand hits the phantom.
The phantom is severely damaged.
b - 34 stones
Casting: Sandblast
Confirm with . or Enter, or press ? or * to list all spells.
Aiming: Sandblast
Press: ? - help, Shift-Dir - straight line, f/p - phantom
Aim: a phantom (heavily damaged)
The blast of sand hits the phantom.
The phantom is almost destroyed.
b - 33 stones The phantom blinks!
Casting: Sandblast
Confirm with . or Enter, or press ? or * to list all spells.
Aiming: Sandblast
Press: ? - help, Shift-Dir - straight line, f/p - phantom
Aim: a phantom (almost destroyed)
The blast of sand hits the phantom.
You destroy the phantom!
b - 32 stones
Casting: Sandblast
Confirm with . or Enter, or press ? or * to list all spells.
You can't see any susceptible monsters within range! (Use Z to cast anyway.)
Casting: Sandblast
Confirm with . or Enter, or press ? or * to list all spells.
You can't see any susceptible monsters within range! (Use Z to cast anyway.)
Casting: Sandblast
Confirm with . or Enter, or press ? or * to list all spells.
You can't see any susceptible monsters within range! (Use Z to cast anyway.)
l - a scroll of identify You see here 5 tomahawks.
q - 5 tomahawks
Items here: )) [ † a whip; a dagger of venom; a robe; an orc corpse
s - a dagger of venom Are you sure you want to abandon this character and quit the game? (Confirm with "yes".)

#.###.##.######
...#+###.##...........
......<.......>.#
#..#####.#...#........
#..#.....#...#.#######
#..#.#####...#.#
##.#(# #.W.#.#
##...#####.###$#######
##....)........#@....#
##...............(#.##
####.#............#
...#..........(...#
...##..)..........#
...##.............#
...###...†))......#
.### #............+
.#####.....(......#


There were no monsters in sight!

Vanquished Creatures
  A human (D:7)
  2 sky beasts
  2 ogres
  2 phantoms
  A centaur (D:7)
  A bullfrog (D:6)
  A wyvern skeleton (D:5)
  A scorpion (D:7)
  A howler monkey (D:4)
  A crimson imp (D:5)
  An orc priest (D:6)
  4 hounds
  2 orc wizards (D:4)
  3 worker ants
  4 gnolls (D:6)
  3 adders
  2 shadow imps
  An adder skeleton (D:6)
  2 worms
  A leopard gecko (D:6)
  9 orcs
  3 bats
  2 giant cockroaches
  A goblin (D:2)
  3 hobgoblins
  A quokka (D:6)
  3 frilled lizards (D:3)
  3 kobolds
  A leopard gecko skeleton (D:6)
  A rat (D:1)
63 creatures vanquished.

Notes
Turn   | Place    | Note
-------+----------+-------------------------------------------
     0 | D:1      | tidbits the Gnoll Earth Elementalist began the quest for the Orb.
     0 | D:1      | Reached XP level 1. HP: 13/13 MP: 6/6
   175 | D:2      | Reached skill level 2 in Transmutations
   206 | D:3      | Reached XP level 2. HP: 19/19 MP: 7/7
   214 | D:3      | Learned a level 2 spell: Passwall
   260 | D:3      | Found a deep blue altar of Sif Muna.
   262 | D:3      | Found a glowing golden altar of the Shining One.
   353 | D:2      | Reached XP level 3. HP: 25/25 MP: 5/9
   400 | D:3      | Reached skill level 5 in Spellcasting
   406 | D:3      | Learned a level 3 spell: Stone Arrow
   442 | D:4      | Noticed an ogre
   447 | D:4      | Killed an ogre
   447 | D:4      | Reached skill level 1 in Fighting
   447 | D:4      | Reached skill level 1 in Short Blades
   447 | D:4      | Reached skill level 1 in Long Blades
   447 | D:4      | Reached skill level 1 in Axes
   447 | D:4      | Reached skill level 1 in Maces & Flails
   447 | D:4      | Reached skill level 1 in Polearms
   447 | D:4      | Reached skill level 1 in Staves
   447 | D:4      | Reached skill level 1 in Slings
   447 | D:4      | Reached skill level 1 in Bows
   447 | D:4      | Reached skill level 1 in Crossbows
   447 | D:4      | Reached skill level 1 in Throwing
   447 | D:4      | Reached skill level 1 in Armour
   447 | D:4      | Reached skill level 1 in Shields
   447 | D:4      | Reached skill level 1 in Unarmed Combat
   447 | D:4      | Reached skill level 1 in Conjurations
   447 | D:4      | Reached skill level 1 in Hexes
   447 | D:4      | Reached skill level 1 in Charms
   447 | D:4      | Reached skill level 1 in Summonings
   447 | D:4      | Reached skill level 1 in Necromancy
   447 | D:4      | Reached skill level 1 in Translocations
   447 | D:4      | Reached skill level 1 in Fire Magic
   447 | D:4      | Reached skill level 1 in Ice Magic
   447 | D:4      | Reached skill level 1 in Air Magic
   447 | D:4      | Reached skill level 1 in Poison Magic
   447 | D:4      | Reached skill level 1 in Invocations
   447 | D:4      | Reached skill level 1 in Evocations
   447 | D:4      | Reached XP level 4. HP: 32/32 MP: 4/11
   484 | D:4      | Found a blossoming altar of Fedhas.
   505 | D:4      | Reached XP level 5. HP: 37/37 MP: 7/12
   586 | D:4      | Noticed a phantom
   592 | D:5      | Entered Level 5 of the Dungeon
   602 | D:5      | Noticed a phantom
   604 | D:5      | Noticed tidbits's ghost (amateur GnEE)
   624 | D:5      | Killed a phantom
   624 | D:5      | Reached skill level 2 in Invocations
   624 | D:5      | Reached XP level 6. HP: 40/44 MP: 6/13
   627 | D:5      | Reached skill level 5 in Dodging
   635 | D:5      | Reached skill level 2 in Fighting
   635 | D:5      | Reached skill level 2 in Short Blades
   635 | D:5      | Reached skill level 2 in Long Blades
   635 | D:5      | Reached skill level 2 in Axes
   635 | D:5      | Reached skill level 2 in Maces & Flails
   635 | D:5      | Reached skill level 2 in Polearms
   635 | D:5      | Reached skill level 2 in Staves
   635 | D:5      | Reached skill level 2 in Slings
   635 | D:5      | Reached skill level 2 in Bows
   635 | D:5      | Reached skill level 2 in Crossbows
   635 | D:5      | Reached skill level 2 in Throwing
   635 | D:5      | Reached skill level 2 in Armour
   635 | D:5      | Reached skill level 2 in Shields
   635 | D:5      | Reached skill level 2 in Unarmed Combat
   635 | D:5      | Reached skill level 2 in Evocations
   654 | D:5      | Found a sparkling altar of Nemelex Xobeh.
   748 | D:5      | Reached XP level 7. HP: 50/50 MP: 9/15
   770 | D:6      | Found a white marble altar of Elyvilon.
   863 | D:7      | Reached skill level 2 in Conjurations
   863 | D:7      | Reached skill level 2 in Hexes
   863 | D:7      | Reached skill level 2 in Charms
   863 | D:7      | Reached skill level 2 in Summonings
   863 | D:7      | Reached skill level 2 in Necromancy
   863 | D:7      | Reached skill level 2 in Translocations
   863 | D:7      | Reached skill level 2 in Fire Magic
   863 | D:7      | Reached skill level 2 in Ice Magic
   863 | D:7      | Reached skill level 2 in Air Magic
   863 | D:7      | Reached skill level 2 in Poison Magic
   881 | D:7      | Noticed a human
   881 | D:7      | Noticed a hog
   881 | D:7      | Noticed a hog
   881 | D:7      | Noticed a hog
   881 | D:7      | Noticed a hog
   882 | D:7      | Killed a human
   882 | D:7      | Reached skill level 5 in Stealth
   882 | D:7      | Reached skill level 3 in Transmutations
   907 | D:7      | Reached skill level 3 in Invocations
   920 | D:7      | Reached skill level 6 in Earth Magic
   920 | D:7      | Reached XP level 8. HP: 39/57 MP: 6/16
   927 | D:6      | Found Peunies's Antique Weapon Shop.
   944 | D:6      | Reached skill level 3 in Fighting
   944 | D:6      | Reached skill level 3 in Short Blades
   944 | D:6      | Reached skill level 3 in Long Blades
   944 | D:6      | Reached skill level 3 in Axes
   944 | D:6      | Reached skill level 3 in Maces & Flails
   944 | D:6      | Reached skill level 3 in Polearms
   944 | D:6      | Reached skill level 3 in Staves
   944 | D:6      | Reached skill level 3 in Slings
   944 | D:6      | Reached skill level 3 in Bows
   944 | D:6      | Reached skill level 3 in Crossbows
   944 | D:6      | Reached skill level 3 in Throwing
   944 | D:6      | Reached skill level 3 in Armour
   944 | D:6      | Reached skill level 3 in Shields
   944 | D:6      | Reached skill level 3 in Unarmed Combat
   944 | D:6      | Reached skill level 3 in Evocations
   974 | D:6      | Found a hide-covered altar of Uskayaw.
   977 | D:6      | Found a staircase to the Ecumenical Temple.
  1016 | D:6      | Reached skill level 6 in Spellcasting
  1026 | Temple   | Entered the Ecumenical Temple
  1172 | D:5      | Learned a level 4 spell: Petrify
  1329 | D:4      | Quit the game

Skill      XL: |  1  2  3  4  5  6  7  8 |
---------------+-------------------------+-----
Transmutations | 2 3 |  3.5
Spellcasting   | 5 6 |  6.1
Fighting       | 1 2 3 |  3.4
Short Blades   | 1 2 3 |  3.4
Long Blades    | 1 2 3 |  3.4
Axes           | 1 2 3 |  3.4
Maces & Flails | 1 2 3 |  3.4
Polearms       | 1 2 3 |  3.4
Staves         | 1 2 3 |  3.4
Slings         | 1 2 3 |  3.4
Bows           | 1 2 3 |  3.4
Crossbows      | 1 2 3 |  3.4
Throwing       | 1 2 3 |  3.4
Armour         | 1 2 3 |  3.4
Shields        | 1 2 3 |  3.4
Unarmed Combat | 1 2 3 |  3.4
Conjurations   | 1 2 |  2.8
Hexes          | 1 2 |  2.8
Charms         | 1 2 |  2.8
Summonings     | 1 2 |  2.8
Necromancy     | 1 2 |  2.8
Translocations | 1 2 |  2.8
Fire Magic     | 1 2 |  2.8
Ice Magic      | 1 2 |  2.8
Air Magic      | 1 2 |  2.8
Poison Magic   | 1 2 |  2.8
Invocations    | 1 2 3 |  3.7
Evocations     | 1 2 3 |  3.4
Dodging        | 5 |  5.8
Stealth        | 5 |  5.4
Earth Magic    | 6 |  6.2

Action                   |  1- 3 |  4- 6 |  7- 9 || total
-------------------------+-------+-------+-------++-------
Melee: Dagger            |    10 |     6 |    26 ||    42
       Bite              |       |       |     4 ||     4
 Cast: Sandblast         |    20 |    21 |    40 ||    81
       Passwall          |     3 |     7 |    15 ||    25
       Stone Arrow       |     1 |       |       ||     1
  Use: Scroll            |     1 |     3 |     4 ||     8
       Potion            |       |     1 |     1 ||     2
 Stab: Sleeping          |     6 |     6 |     5 ||    17
  Eat: Ration            |       |       |     1 ||     1
Armor: Robe              |     8 |       |     5 ||    13
Dodge: Dodged            |    13 |     4 |    43 ||    60

Table legend:
 A = Turns spent in this place as a percentage of turns spent in the entire game.
 B = Non-inter-level travel turns spent in this place as a percentage of non-inter-level travel turns spent in the entire game.
 C = Inter-level travel turns spent in this place as a percentage of turns spent in this place.
 D = Turns resting spent in this place as a percentage of non-inter-level travel turns spent in this place.
 E = Turns spent auto-exploring this place as a percentage of non-inter-level travel turns spent in this place.
 F = Non-inter-level travel turns spent in this place divided by the number of levels of this place that you've seen.
                   A       B       C       D       E      F
               +-------+-------+-------+-------+-------+----------------------
         Total | 100.0 | 100.0 |   0.0 |   0.0 |   0.0 | 166.1
       Dungeon |  95.3 |  95.3 |   0.0 |   0.0 |   0.0 | 181.0
        Temple |   4.7 |   4.7 |   0.0 |   0.0 |   0.0 |  62.0
               +-------+-------+-------+-------+-------+----------------------

Table legend:
 A = Kills in this place as a percentage of kills in entire the game.
 B = Kills by you in this place as a percentage of kills by you in the entire game.
 C = Kills by friends in this place as a percentage of kills by friends in the entire game.
 D = Other kills in this place as a percentage of other kills in the entire game.
 E = Experience gained in this place as a percentage of experience gained in the entire game.
 F = Experience gained in this place divided by the number of levels of this place that you have seen.
                   A       B       C       D       E      F
               +-------+-------+-------+-------+-------+----------------------
         Total | 100.0 | 100.0 |   N/A |   N/A | 100.0 | 249.1
       Dungeon | 100.0 | 100.0 |   N/A |   N/A | 100.0 | 284.7
               +-------+-------+-------+-------+-------+----------------------

Vault maps used:
D:1:      erik_arrival_triangle_medium
D:2:      marbit_many_paths, first_ration,
          chequers_ecumenical_altar_simple_redux, minmay_strange_pillars,
          roderic_roman_lattice, minmay_door_square
D:3:      minitemple
D:4:      kennysheep_mini, hangedman_decor_riveting
D:5:      minmay_misc_feat_nine_boxes, nemelex_xobeh_ov_fountains_minmay
D:6:      lemuel_crystal_altar, minmay_temple_entry_statues, serial_shops,
          nicolae_shop_overgrown_old_shop, elyvilon_altar_4
D:7:      nicolae_overflow_hidden_temple, serial_glass, glass_columns_c,
          glass_columns_a, glass_columns_a, glass_columns_b, glass_columns_c,
          glass_columns_c, grunt_livestock
Temple:   dshaligram_water_room_temple
